 Dungeon Crawl Stone Soup version 0.26-a0-158-g66bac3cce0 (webtiles) character file.

Game seed: 2713720579765078876

230 Flugslaktarn the Chiller (level 6, -10/28 HPs)
             Began as a Vine Stalker Ice Elementalist on July 2, 2020.
             Mangled by an ogre
             ... wielding a +0 giant spiked club
              (12 damage)
             ... on level 4 of the Dungeon.
             The game lasted 00:06:06 (1187 turns).

Flugslaktarn the Chiller (VSIE)                     Turns: 1187, Time: 00:06:07

Health: -10/28     AC:  8    Str: 16    XL:     6   Next: 3%
Magic:  0/13       EV: 12    Int: 17    God:
Gold:   35         SH:  0    Dex: 15    Spells: 9/13 levels left

rFire    . . .     SeeInvis .   h - +0 rapier
rCold    . . .     Faith    .   (no shield)
rNeg     . . .     Spirit   +   w - +3 leather armour
rPois    .         Reflect  .   p - +0 helmet
rElec    .         Harm     .   (no cloak)
rCorr    .                      (no gloves)
MR       +....                  s - +0 pair of boots
Stlth    ++........             (no amulet)
HPRegen  0.49/turn              g - +6 ring of strength
MPRegen  0.13/turn              n - ring of protection from magic

@: frozen ramparts
A: fangs 2, regeneration 1, magic shield, antimagic bite, no potion heal 3, rot
immunity
a: no special abilities


You were on level 4 of the Dungeon.
You were very hungry.

You visited 1 branch of the dungeon, and saw 5 of its levels.

You collected 130 gold pieces.
You spent 95 gold pieces at shops.

Inventory:

Hand Weapons
 e - a +0 dagger
   (You took it off a kobold on level 1 of the Dungeon)
 h - a +0 rapier (weapon)
   (You found it on level 2 of the Dungeon)
 m - a +0 spear
   (You found it on level 1 of the Dungeon)
Missiles
 a - 13 arrows
Armour
 l - a +0 leather armour
   (You found it on level 1 of the Dungeon)
 p - a +0 helmet (worn)
   (You took it off Robin on level 3 of the Dungeon)
 s - a +0 pair of boots (worn)
   (You found it on level 3 of the Dungeon)
 w - a +3 leather armour (worn)
   (You took it off an orc priest on level 5 of the Dungeon)
Jewellery
 g - a +6 ring of strength (left hand)
   (You found it on level 2 of the Dungeon)
 n - a ring of protection from magic (right hand)
   (You found it on level 2 of the Dungeon)
 q - the amulet of Vuugrohi {Inacc rF+}
   (You bought it in a shop on level 5 of the Dungeon)

   [amulet of inaccuracy]

   It reduces the accuracy of all your attacks.
   It protects you from fire.
 x - a +4 ring of evasion {unknown}
   (You found it on level 4 of the Dungeon)
Wands
 u - a wand of acid (6)
   (You found it on level 5 of the Dungeon)
 v - a wand of enslavement (7)
   (You found it on level 5 of the Dungeon)
Scrolls
 b - a scroll of magic mapping {unknown}
 d - 2 scrolls of amnesia {unknown}
 f - 5 scrolls of identify {unknown}
 o - 2 scrolls of teleportation {unknown}
 r - a scroll of noise {unknown}
 y - a scroll of blinking
Potions
 i - 3 potions of heal wounds {unknown}
 j - 2 potions of invisibility {unknown}
 k - 2 potions of curing {unknown}
 t - 3 potions of magic {unknown}
Comestibles
 c - 3 rations


   Skills:
 - Level 1.5 Dodging
 - Level 2.4 Stealth
 - Level 4.0 Spellcasting
 + Level 6.2 Ice Magic


You had 9 spell levels left.
You knew the following spells:

 Your Spells              Type           Power        Failure   Level  Hunger
a - Freeze                Ice            ###.         1%          1    None
b - Frozen Ramparts       Ice            ###...       4%          3    ###....

Your spell library contained the following spells:

 Spells                   Type           Power        Failure   Level  Hunger
 Ozocubu's Armour         Chrm/Ice       ##......     16%         3    ###....
 Hailstorm                Conj/Ice       ##......     47%         4    ####...
 Summon Ice Beast         Ice/Summ       ##......     47%         4    ####...
 Confusing Touch          Hex            #.......     50%         3    ###....
 Gell's Gravitas          Tloc           #.........   50%         3    ###....
 Metabolic Englaciation   Hex/Ice        ##........   83%         5    ######.
 Petrify                  Tmut/Erth      #.......     88%         4    ####...
 Yara's Violent Unravell  Hex/Tmut       #.........   99%         5    ######.


Dungeon Overview and Level Annotations

Branches:
Dungeon (5/15)
 Temple: D:4-7

Altars:
Nemelex Xobeh
Okawaru
Yredelemnul
The Shining One

Shops:
D:5 *%}

Portals:
Abyss: D:5

Annotations:
D:5 2 transporters, DEFE's ghost, amateur DsWn


Innate Abilities, Weirdness & Mutations

You have extremely sharp teeth.
Your natural rate of healing is unusually fast.
When hurt, damage is shared between your health and your magic reserves.
Your bite disrupts and absorbs the magic of your enemies.
Potions cannot restore your health.
You are immune to rotting.


Message History

The adder zombie is almost destroyed.
The adder zombie barely misses you.
You barely miss the adder zombie. Your bite misses the adder zombie.
The adder zombie is almost destroyed.
The adder zombie bites you but does no damage.
The adder zombie closely misses you.
You puncture the adder zombie!
You destroy the adder zombie!
Found an escape hatch in the ceiling.
There is a stone staircase leading up here.
You climb upwards.
An ogre comes into view. It is wielding a +0 giant club.
Found a silver ring.
There is a stone staircase leading down here.
You are a level 6 Vine Stalker Ice Elementalist.
You are 3% of the way to level 7.
Play time: 00:05:53 (1143 turns) Unknown command.
x - a silver ring
Found 13 gold pieces.
Found a robe.
Found a metal-bound book.
Found a glowing golden altar of the Shining One.
You pick up a book of Misfortune and begin reading...
You add the spells Confusing Touch, Gell's Gravitas, Petrify, Metabolic Englaciation and Yara's Violent Unravelling to your library.
y - a scroll of blinking You see here a robe.
You now have 35 gold pieces (gained 13).
An ogre comes into view. It is wielding a +0 giant spiked club.
The ogre moves out of view.
The ogre shouts!
Casting: Frozen Ramparts (quite dangerous; 4% risk of failure)
Confirm with . or Enter, or press ? or * to list all spells.
The spell is quite dangerous to cast (4% risk of failure)!
Continue anyway?
The walls around you are covered in ice.
Unknown command.
The wall freezes the ogre.
The wall freezes the ogre.
The wall freezes the ogre.
The ogre hits you with a +0 giant spiked club!
You hit the ogre. You bite the ogre. You drain its power.
You feel invigorated.
The ogre is severely wounded.
The wall freezes the ogre.
The ogre hits you with a +0 giant spiked club!!
Ouch! That really hurt!
* * * LOW HITPOINT WARNING * * *
The wall freezes the ogre.
The wall freezes the ogre.
The ogre hits you with a +0 giant spiked club!
You die...

.# #... #..8..##.....>..
...#.#. ..8.8..##......#
.......### .8._.8..###....#
#........##..8.8..##.....##
#......##..8..##......#.
##......##...##.........
#........## ##..#.......
#......##O.###..##...###.
###.#...@...#.....#..## .
#.##......#....#....### ##
#..........[......#
##.####....#.#.#.... ##
#...####.###.# ##### ### #


You could see an ogre.

Vanquished Creatures
  A howler monkey (D:5)
  2 orc priests (D:5)
  An orc wizard (D:5)
  A worker ant (D:5)
  A hound skeleton (D:5)
  Robin (D:3)
  An adder (D:3)
  An ooze (D:3)
  An adder zombie (D:5)
  A dart slug (D:3)
  A leopard gecko (D:4)
  An orc (D:5)
  2 bats
  6 giant cockroaches
  15 goblins
  A hobgoblin (D:1)
  A kobold (D:1)
  A ball python (D:5)
  2 frilled lizards
  A quokka zombie (D:5)
  3 rats
45 creatures vanquished.

Vanquished Creatures (others)
  A ball python (D:3)
1 creature vanquished.

Grand Total: 46 creatures vanquished

Notes
Turn   | Place    | Note
-------+----------+-------------------------------------------
     0 | D:1      | Flugslaktarn the Vine Stalker Ice Elementalist began the
                  | quest for the Orb.
     0 | D:1      | Reached XP level 1. HP: 9/9 MP: 4/4
   137 | D:2      | Reached XP level 2. HP: 13/13 MP: 3/6
   402 | D:3      | Reached XP level 3. HP: 12/16 MP: 4/8
   443 | D:3      | Learned a level 3 spell: Frozen Ramparts
   449 | D:3      | Noticed Robin
   450 | D:3      | Found an iron altar of Okawaru.
   476 | D:3      | Killed Robin
   476 | D:3      | Gained mutation: Your natural rate of healing is unusually
                  | fast. [Vine Stalker growth]
   476 | D:3      | Reached XP level 4. HP: 7/21 MP: 0/10
   768 | D:5      | Entered Level 5 of the Dungeon
   769 | D:5      | Found Plog's Assorted Antiques.
   780 | D:5      | Identified the cursed +2 short sword of Insufficient
                  | Pleasure {distort, +Blink Str+3}
   780 | D:5      | Noticed a big kobold
   807 | D:5      | Found Dadwen's Gadget Emporium.
   855 | D:5      | Found a basalt altar of Yredelemnul.
   879 | D:5      | Noticed a phantom
   918 | D:5      | Reached skill level 5 in Ice Magic
   921 | D:5      | Reached XP level 5. HP: 3/24 MP: 1/12
   970 | D:5      | Bought a brightly glowing ruby amulet for 95 gold pieces
   970 | D:5      | Identified the amulet of Vuugrohi {Inacc rF+} (You bought
                  | it in a shop on level 5 of the Dungeon)
   998 | D:5      | Found a transporter.
  1008 | D:5      | Found a transporter.
  1033 | D:5      | Found a one-way gate to the infinite horrors of the Abyss.
  1039 | D:5      | Noticed DEFE's ghost (amateur DsWn)
  1055 | D:5      | Found Cuwuhetie's Food Shop.
  1064 | D:5      | Found a sparkling altar of Nemelex Xobeh.
  1106 | D:5      | Reached skill level 6 in Ice Magic
  1106 | D:5      | Reached XP level 6. HP: 28/28 MP: 9/13
  1152 | D:4      | Found a glowing golden altar of the Shining One.
  1185 | D:4      | HP: 1/28 [ogre/+0 giant spiked club (17)]
  1187 | D:4      | Mangled by an ogre

Illustrated notes

Levels and vault maps discovered:
D:1:      minmay_arrival_loop, layout_rooms
D:2:      layout_loops_ring
D:3:      layout_loops_ring, grunt_qazlal_clouds, first_ration,
          okawaru_gym_becter, uniq_robin, uniq_ijyb
D:4:      layout_cave_pools, nicolae_overflow_hidden_temple, tso_metal_star
D:5:      layout_loops_ring, old_standard_altar, serial_shops, shop,
          nicolae_shop_trees, shop_fountains, shop,
          gammafunk_ghost_abyssal_escape, lemuel_altar_in_water

Skill      XL: |  1  2  3  4  5 |
---------------+----------------+-----
Spellcasting   | 3 4 |  4.0
Ice Magic      | 5 6 |  6.2
Dodging        | |  1.5
Stealth        | |  2.4

Action                   |  1- 3 |  4- 6 || total
-------------------------+-------+-------++-------
Melee: Dagger            |     4 |       ||     4
       Bite              |     7 |    10 ||    17
       Rapier            |    18 |    33 ||    51
 Cast: Freeze            |    19 |     3 ||    22
       Frozen Ramparts   |     2 |     3 ||     5
Evoke: Wand              |       |     3 ||     3
 Stab: Sleeping          |     2 |       ||     2
       Distracted        |       |     1 ||     1
Armor: Robe              |     7 |       ||     7
       Leather armour    |     5 |     7 ||    12
       Animal skin       |       |     4 ||     4
Dodge: Dodged            |    24 |    18 ||    42

Table legend:
 A = Non-vault XP
 B = Vault XP
 C = Vault XP percentage of total XP
 D = Non-vault monster count
 E = Vault monster count
 F = Vault count percentage of total count
                 A         B        C        D         E       F
            +---------+---------+-------+---------+---------+-------
      Total |     295 |      34 |  10.3 |      33 |      12 |  26.7
            +---------+---------+-------+---------+---------+-------
        D:1 |       8 |       0 |   0.0 |       5 |       0 |   0.0
        D:2 |      11 |       0 |   0.0 |       6 |       0 |   0.0
        D:3 |      33 |      34 |  50.7 |       9 |      12 |  57.1
        D:4 |       3 |       0 |   0.0 |       1 |       0 |   0.0
        D:5 |     240 |       0 |   0.0 |      12 |       0 |   0.0
            +---------+---------+-------+---------+---------+-------
